[Event "Titled Tuesday Blitz May 4 2021"]
[White "Kilpatrick, Callum"]
[Black "Skoberne, Jure"]
[WhiteFideId "414425"]
[BlackFideId "14604299"]
[WhiteElo "2466"]
[BlackElo "2559"]
[Result "0-1"]
[Round "11"]
[TimeControl "180+1"]
[Date "2021.05.04"]
[WhiteClock "0:00:49"]
[BlackClock "0:01:47"]

1. e4 d6 2. d4 Nf6 3. Nc3 g6 4. Be3 c6 5. f3 b5 6. Qd2 Nbd7 7. O-O-O Qa5 8. Kb1 b4 9. Nce2 Nb6 10. Nc1 Ba6 11. Nb3 Qa4 12. Bxa6 Qxa6 13. Qxb4 Bg7 14. Nh3 O-O 15. Nf4 Rfb8 16. Qa5 Qc8 17. Bc1 Nfd7 18. h4 Nc4 19. Qc3 Ndb6 20. h5 a5 21. hxg6 hxg6 22. a4 Nxb2 23. Qxb2 Nxa4 24. Qa1 Nb6 25. Bb2 a4 26. d5 axb3 27. Bxg7 Rxa1+ 28. Bxa1 bxc2+ 29. Kxc2 cxd5+ 30. Kd2 e5 31. Nxd5 Nxd5 32. exd5 Qc4 33. Ke1 Qa2 34. Rf1 Rb1 35. Rxb1 Qxb1+ 36. Kf2 Qa2+ 37. Kg1 Qxd5 38. Bc3 Qd3 39. Be1 f5 40. Bf2 d5 41. Rc1 d4 42. Re1 e4 43. fxe4 fxe4 44. Bh4 e3 45. Bf6 Kf7 46. Be5 Ke6 47. Bh8 Qd2 48. Ra1 e2 49. Kf2 e1=Q+ 0-1


[Site "https://www.chess.com"]

[Event "Titled Tuesday Blitz May 4 2021"]
[White "Kiseljova, Marya"]
[Black "Quirke, Jeffrey"]
[WhiteFideId "4155009"]
[BlackFideId "2013029"]
[WhiteElo "1797"]
[BlackElo "2223"]
[Result "1-0"]
[Round "11"]
[TimeControl "180+1"]
[Date "2021.05.04"]
[WhiteClock "0:00:03"]
[BlackClock "0:00:01"]

1. d4 d5 2. Bf4 e6 3. e3 Nf6 4. c3 Bd6 5. Bg3 c5 6. Nf3 Qc7 7. Nbd2 Nbd7 8. Bd3 b6 9. a4 Bb7 10. O-O Bxg3 11. hxg3 O-O 12. Qe2 e5 13. e4 Rfe8 14. dxe5 Nxe5 15. Nxe5 dxe4 16. Nxe4 Qxe5 17. Nxf6+ Qxf6 18. Qh5 g6 19. Qh4 Qc6 20. f3 a6 21. Rfe1 Qd6 22. Bc4 Qd2 23. Rxe8+ Rxe8 24. Qf4 Qxf4 25. gxf4 Rd8 26. Re1 Kf8 27. Re2 Rd1+ 28. Kf2 Ra1 29. b3 h5 30. g4 h4 31. Bd3 Rc1 32. Rc2 Rd1 33. Be4 Bxe4 34. fxe4 Rd3 35. Kg2 Ke7 36. g5 Ke6 37. b4 c4 38. a5 b5 39. Kh2 Rd1 40. Kh3 Rh1+ 41. Kg2 Rd1 42. Rf2 Rd3 43. Rf3 Rd2+ 44. Kh3 Rd3 45. Kg4 Kd6 46. Rh3 Ke6 47. Kxh4 1-0


[Site "https://www.chess.com"]

[Event "Titled Tuesday Blitz May 4 2021"]
[White "Komiagina, Maria"]
[Black "Matveeva, Olga"]
[WhiteFideId "4153987"]
[BlackFideId "24107018"]
[WhiteElo "2014"]
[BlackElo "2108"]
[Result "1-0"]
[Round "11"]
[TimeControl "180+1"]
[Date "2021.05.04"]
[WhiteClock "0:00:33"]
[BlackClock "0:00:22"]

1. e4 e6 2. d4 d5 3. exd5 exd5 4. Nf3 Bd6 5. c4 dxc4 6. Bxc4 Nf6 7. h3 O-O 8. O-O h6 9. Nc3 Nc6 10. Re1 Bf5 11. d5 Ne7 12. Nd4 Bh7 13. Qf3 Nd7 14. Bb3 Ne5 15. Qh5 Nd3 16. Re2 Nxc1 17. Rxc1 a6 18. Rce1 b5 19. Ne4 Ng6 20. g3 Re8 21. Nc6 Qd7 22. Nxd6 cxd6 23. Bc2 Nf8 24. Re7 Bxc2 25. Qxf7+ 1-0


[Site "https://www.chess.com"]

[Event "Titled Tuesday Blitz May 4 2021"]
[White "Kononenko, Dmitry"]
[Black "Kaufman, Raymond"]
[WhiteFideId "14113538"]
[BlackFideId "2015056"]
[WhiteElo "2289"]
[BlackElo "2321"]
[Result "0-1"]
[Round "11"]
[TimeControl "180+1"]
[Date "2021.05.04"]
[WhiteClock "0:00:07"]
[BlackClock "0:00:05"]

1. d4 Nf6 2. c4 g6 3. Nf3 Bg7 4. g3 O-O 5. Bg2 d6 6. O-O Nc6 7. Nc3 a6 8. Qd3 Rb8 9. Nd2 Bd7 10. e4 b5 11. cxb5 axb5 12. f4 e5 13. dxe5 dxe5 14. Nb3 Be6 15. Qxd8 Rfxd8 16. Be3 b4 17. Na4 Ng4 18. Bf2 exf4 19. gxf4 Nxf2 20. Kxf2 Nd4 21. Nbc5 Bc4 22. Rfd1 Bh6 23. b3 Bb5 24. f5 Kg7 25. fxg6 hxg6 26. e5 Nc2 27. Rab1 Ne3 28. Rxd8 Rxd8 29. Bf3 Rd2+ 30. Kg3 Nf5+ 31. Kh3 Rf2 32. Bg4 Bf4 33. Bxf5 gxf5 34. Rg1+ Kh6 35. Rg2 Rf3+ 36. Kh4 Bxe5 37. Nd7 Bxd7 38. Nc5 Bf6+ 39. Rg5 Bxg5# 0-1


[Site "https://www.chess.com"]

[Event "Titled Tuesday Blitz May 4 2021"]
[White "Kopjonkin, Kirill"]
[Black "Sanchez Alvares, Kelvin Antonio"]
[WhiteFideId "24140090"]
[BlackFideId "3906680"]
[WhiteElo "2224"]
[BlackElo "2247"]
[Result "0-1"]
[Round "11"]
[TimeControl "180+1"]
[Date "2021.05.04"]
[WhiteClock "0:00:12"]
[BlackClock "0:00:10"]

1. e4 c5 2. Nf3 d6 3. d4 cxd4 4. Nxd4 Nf6 5. Nc3 g6 6. f3 Bg7 7. Be3 O-O 8. Qd2 Nc6 9. O-O-O Nxd4 10. Bxd4 Be6 11. Kb1 Qc7 12. h4 Rfc8 13. g4 Qa5 14. a3 Rab8 15. Qe1 b5 16. e5 b4 17. Nb5 dxe5 18. Qxe5 Ne8 19. Qe1 Rxb5 20. Bxb5 Qxb5 21. Qxb4 Qxb4 22. axb4 a6 23. Bc5 Bf8 24. h5 Nd6 25. hxg6 hxg6 26. Bd4 f6 27. c3 Nb5 28. Bc5 Bb3 29. Rd7 Be6 30. Rd2 f5 31. g5 f4 32. Re2 Bc4 33. Ree1 Nd6 34. Rh4 Nb7 35. Rxf4 Bd3+ 36. Kc1 Nxc5 37. bxc5 Rxc5 38. Re6 Rxg5 39. Rd4 Bh6 40. f4 Rg1+ 41. Kd2 Bf5 42. Rxa6 Kf7 43. c4 Rg2+ 44. Ke3 Rxb2 45. c5 Rc2 46. c6 Bg7 47. Rb4 Rc3+ 48. Kd2 Rc2+ 49. Kd1 Rc5 50. Rb7 Bf6 51. c7 Bc8 52. Rab6 Bxb7 53. Rxb7 Ke6 54. Ke2 Kd7 55. Ra7 Rxc7 56. Ra6 Rc6 57. Ra7+ Ke6 58. Kf3 Kf5 59. Ra5+ e5 60. fxe5 Bxe5 61. Ke3 Rc3+ 62. Kd2 Rh3 63. Ke2 g5 64. Kf1 g4 65. Kg2 Rh2+ 66. Kg1 Rb2 67. Rb5 g3 68. Rd5 Ke4 69. Ra5 Bd4+ 70. Kh1 g2+ 0-1


[Site "https://www.chess.com"]

[Event "Titled Tuesday Blitz May 4 2021"]
[White "Korchmar, Vasiliy"]
[Black "Brunner, Nicolas"]
[WhiteFideId "24131750"]
[BlackFideId "620246"]
[WhiteElo "2370"]
[BlackElo "2372"]
[Result "1-0"]
[Round "11"]
[TimeControl "180+1"]
[Date "2021.05.04"]
[WhiteClock "0:01:26"]
[BlackClock "0:00:28"]

1. d4 d5 2. Nf3 Nf6 3. Bf4 e6 4. e3 c5 5. Nbd2 Nc6 6. c3 Bd6 7. Bg3 O-O 8. Bd3 b6 9. Qe2 Bb7 10. Rd1 h6 11. dxc5 bxc5 12. e4 Bxg3 13. hxg3 d4 14. e5 Nd5 15. Qe4 f5 16. exf6 Qxf6 17. Nc4 dxc3 18. Nd6 Rf7 19. Qh7+ Kf8 20. Nxb7 Rxb7 21. Qh8+ Kf7 22. Qxa8 1-0


[Site "https://www.chess.com"]

[Event "Titled Tuesday Blitz May 4 2021"]
[White "Korkmaz, Necmettin"]
[Black "Poormosavi, Seyed Kian"]
[WhiteFideId "6303285"]
[BlackFideId "12585807"]
[WhiteElo "2094"]
[BlackElo "2134"]
[Result "1-0"]
[Round "11"]
[TimeControl "180+1"]
[Date "2021.05.04"]
[WhiteClock "0:01:08"]
[BlackClock "0:00:13"]

1. e4 c5 2. Nf3 Nc6 3. d4 cxd4 4. Nxd4 g6 5. c4 Bg7 6. Be3 Nf6 7. Nc3 O-O 8. Be2 d6 9. O-O Bd7 10. Rc1 Nxd4 11. Bxd4 Bc6 12. f3 Nd7 13. Be3 a5 14. b3 Nc5 15. Qd2 Be5 16. Rfd1 e6 17. Nb5 Qh4 18. g3 Bxg3 19. hxg3 Qxg3+ 20. Kf1 Rad8 21. Nxd6 Qh3+ 22. Ke1 Nxe4 23. fxe4 Bxe4 24. Bf1 Qh1 25. Bf2 Rd7 26. c5 Bf3 27. Qe3 b6 28. Rd3 Bg2 29. Ke2 Qh5+ 30. Kd2 Bxf1 31. Rxf1 bxc5 32. Qxc5 Qh6+ 33. Qe3 Qh2 34. Qg3 Qh5 35. Bd4 Rfd8 36. Qe5 Rxd6 37. Qg7# 1-0


[Site "https://www.chess.com"]

[Event "Titled Tuesday Blitz May 4 2021"]
[White "Kretov, Evgenij"]
[Black "Visakh N R"]
[WhiteFideId "4167821"]
[BlackFideId "25012223"]
[WhiteElo "2381"]
[BlackElo "2428"]
[Result "1/2-1/2"]
[Round "11"]
[TimeControl "180+1"]
[Date "2021.05.04"]
[WhiteClock "0:00:16"]
[BlackClock "0:00:07"]

1. d4 Nf6 2. c4 g6 3. Nc3 d5 4. cxd5 Nxd5 5. Bd2 Bg7 6. e4 Nb6 7. Be3 O-O 8. h3 f5 9. exf5 Bxf5 10. Nf3 Nc6 11. g4 Bc8 12. Bg2 e5 13. d5 Nd4 14. Nxd4 exd4 15. Bxd4 Qe7+ 16. Kf1 Bd7 17. Bxg7 Qxg7 18. Bf3 Rf7 19. Rh2 Raf8 20. Be4 Nc4 21. Qe2 Qd4 22. Kg1 Nd6 23. Rd1 Qe5 24. Bd3 Qxh2+ 25. Kxh2 Rxf2+ 26. Kg3 Rxe2 27. Bxe2 a5 28. Rf1 Re8 29. Kf4 b5 30. Bd3 b4 31. Ne2 Nf7 32. Nd4 Ne5 33. Ba6 Kg7 34. g5 Nf7 35. h4 Nd6 36. Bd3 Bh3 37. Rf2 Bd7 38. Re2 Rf8+ 39. Kg3 Rf7 40. Ne6+ Bxe6 41. dxe6 Re7 42. Kf4 c6 43. Ke5 Nf7+ 44. Kd4 Nd8 45. Bc4 Nb7 46. Ke5 Kf8 47. Rf2+ Ke8 48. h5 gxh5 49. Rh2 Rg7 50. Rxh5 Ke7 51. b3 Nd6 52. Bd3 c5 53. Rxh7 Rxh7 54. Bxh7 c4 55. Bc2 cxb3 56. axb3 Ne8 57. g6 Ng7 58. Kd5 Nxe6 59. Kc4 Kf6 60. Bb1 Nc7 61. Kc5 Ne6+ 62. Kb6 Nd4 63. Kxa5 Nxb3+ 64. Kxb4 Nd4 65. Bd3 Ne6 66. Kc4 Nf4 67. Kc3 Nxd3 68. Kxd3 Kxg6 1/2-1/2


[Site "https://www.chess.com"]

[Event "Titled Tuesday Blitz May 4 2021"]
[White "Kriti Mayur Patel"]
[Black "Donatti, Alvaro"]
[WhiteFideId "35061780"]
[BlackFideId "3000303"]
[WhiteElo "1212"]
[BlackElo "2138"]
[Result "0-1"]
[Round "11"]
[TimeControl "180+1"]
[Date "2021.05.04"]
[WhiteClock "0:00:40"]
[BlackClock "0:00:23"]

1. e4 c5 2. d4 cxd4 3. c3 e6 4. cxd4 d5 5. exd5 exd5 6. Nc3 Nc6 7. Nf3 Nf6 8. Bd3 Bd6 9. O-O O-O 10. Bg5 Bg4 11. h3 Bxf3 12. Qxf3 Nxd4 13. Qd1 Ne6 14. Bxf6 Qxf6 15. Nxd5 Qxb2 16. Rb1 Qe5 17. f4 Qd4+ 18. Kh1 Rad8 19. Rxb7 Bxf4 20. Nxf4 Nxf4 21. Qf3 Nxd3 22. Rxf7 Rfe8 23. Rb7 Ne5 24. Qg3 Ng6 25. Qb3+ Kh8 26. Qf7 Rf8 27. Qc7 Rxf1+ 28. Kh2 Qd6+ 29. Qxd6 Rxd6 30. Rxa7 h6 31. a4 Ra1 32. a5 Rd2 33. Ra8+ Kh7 34. a6 Rda2 35. a7 Rxa7 36. Rxa7 Rxa7 37. h4 Nxh4 38. Kh3 Ng6 39. Kg4 Ne5+ 40. Kh5 Ra1 41. Kh4 g5+ 42. Kh3 Kg6 43. g4 Ra3+ 44. Kg2 Nxg4 45. Kh1 Kf5 46. Kg2 Kf4 47. Kh1 Ra2 48. Kg1 Kf3 49. Kh1 Kg3 50. Kg1 Ra1# 0-1


[Site "https://www.chess.com"]

[Event "Titled Tuesday Blitz May 4 2021"]
[White "Krivonosov, Oleg"]
[Black "Ravi, Thandalam Shanmugam"]
[WhiteFideId "11600349"]
[BlackFideId "5000238"]
[WhiteElo "2469"]
[BlackElo "2215"]
[Result "1-0"]
[Round "11"]
[TimeControl "180+1"]
[Date "2021.05.04"]
[WhiteClock "0:01:45"]
[BlackClock "0:00:24"]

1. Nf3 Nf6 2. c4 e6 3. g3 b6 4. Bg2 Bb7 5. O-O Be7 6. Nc3 O-O 7. d4 d5 8. Ne5 c5 9. cxd5 exd5 10. dxc5 bxc5 11. Bg5 Qd6 12. Nc4 Qe6 13. Bxf6 Bxf6 14. Nxd5 Bc6 15. Nxf6+ Qxf6 16. Qd6 Qxd6 17. Nxd6 Bxg2 18. Kxg2 Nd7 19. Rfd1 Rab8 20. b3 Ne5 21. Rd5 Rfd8 22. Rxe5 Rxd6 23. Rxc5 Rd2 24. Rac1 g6 25. R1c2 Rxc2 26. Rxc2 Rb7 27. Rc6 Kg7 28. Ra6 f6 29. e3 g5 30. g4 Kg6 31. Kg3 Rf7 32. h4 h5 33. hxg5 Kxg5 34. Ra5+ Kg6 35. Rxh5 Rc7 36. Ra5 Rd7 37. f4 Re7 38. Kf3 Kf7 39. Ra6 Rd7 40. b4 Rb7 41. a3 Ke7 42. f5 Kf7 43. Kf4 Re7 44. e4 Kg7 45. b5 Rb7 46. a4 Kf7 47. g5 fxg5+ 48. Kxg5 Re7 49. Kf4 Rb7 50. e5 Ke7 51. Rh6 Kf8 52. f6 Rc7 53. Rh8+ Kf7 54. Rh7+ 1-0


[Site "https://www.chess.com"]

[Event "Titled Tuesday Blitz May 4 2021"]
[White "Krysa, Leandro"]
[Black "Fier, Alexandr"]
[WhiteFideId "116807"]
[BlackFideId "2107139"]
[WhiteElo "2490"]
[BlackElo "2569"]
[Result "1/2-1/2"]
[Round "11"]
[TimeControl "180+1"]
[Date "2021.05.04"]
[WhiteClock "0:00:11"]
[BlackClock "0:02:26"]

1. e4 c5 2. Nf3 Nc6 3. d4 cxd4 4. Nxd4 g6 5. c4 Nf6 6. Nc3 d6 7. Be2 Nxd4 8. Qxd4 Bg7 9. Be3 O-O 10. Qd2 a5 11. f3 a4 12. Kf2 Qa5 13. Rac1 Be6 14. Nd5 Bxd5 15. Qxa5 Rxa5 16. cxd5 e6 17. dxe6 fxe6 18. Rc7 Nxe4+ 19. Ke1 Nc5 20. Bxc5 Rxc5 21. Rxc5 dxc5 22. Kd2 Bxb2 23. Kc2 a3 24. Bc4 Kf7 25. Re1 Re8 26. Re3 Kf6 27. Rb3 Re7 28. Rb6 Ke5 29. Bb3 Kd4 30. Rxe6 Rxe6 31. Bxe6 b5 32. Bg8 b4 33. Bxh7 g5 34. g3 c4 35. Bg8 Bc3 36. Kb1 Be1 37. h4 gxh4 38. gxh4 Bxh4 39. Bf7 Bf6 40. Bg8 Kd3 41. Bf7 Kc3 42. Bg8 b3 43. Bf7 Kd2 44. Bxc4 b2 45. Bd5 Be5 46. Be4 Bf4 47. Bc6 Be5 48. Be4 Bf4 49. Bc6 Be5 50. Be4 1/2-1/2


[Site "https://www.chess.com"]

[Event "Titled Tuesday Blitz May 4 2021"]
[White "Krzywda, Andrzej"]
[Black "Efremov, Vladislav"]
[WhiteFideId "1114565"]
[BlackFideId "44159935"]
[WhiteElo "2100"]
[BlackElo "2022"]
[Result "0-1"]
[Round "11"]
[TimeControl "180+1"]
[Date "2021.05.04"]
[WhiteClock "0:00:09"]
[BlackClock "0:00:05"]

1. e4 c5 2. Nc3 e6 3. Nge2 Nc6 4. g3 Nf6 5. Bg2 Be7 6. O-O O-O 7. d3 d5 8. exd5 Nxd5 9. Nxd5 exd5 10. Nf4 d4 11. Re1 h6 12. Bd2 Bf5 13. Bxc6 bxc6 14. Qf3 Rc8 15. g4 Bh7 16. Nh5 Bg5 17. Bxg5 Qxg5 18. Re2 f5 19. h3 f4 20. Rae1 g6 21. h4 Qxh4 22. Nxf4 Qf6 23. Re4 g5 24. Re6 Qxf4 25. Qg2 Kg7 26. Re7+ Rf7 27. Rxf7+ Qxf7 28. Re5 Rf8 29. Rxc5 Qe7 30. Rxc6 Qe1+ 31. Kh2 Rxf2 32. Rc7+ Kg6 33. Rc6+ Kg7 34. Rc7+ Kf8 35. Rc8+ Ke7 36. Rc7+ Kd8 37. Rxh7 Rxg2+ 38. Kxg2 Qe2+ 39. Kg3 Qe3+ 40. Kg2 Qd2+ 41. Kg3 Qf4+ 42. Kh3 Qf3+ 43. Kh2 Qxg4 44. Rxh6 Qe2+ 45. Kg3 Qxc2 46. Rd6+ Kc7 47. Rxd4 Qxb2 48. Rc4+ Kb6 49. Rg4 Qxa2 50. Rxg5 a5 51. Rg6+ Kb5 52. Rg8 a4 53. Rb8+ Kc5 54. Kf3 Kd4 55. Rd8+ Kc3 56. Ke3 Qe6+ 57. Kf2 Qf6+ 58. Ke3 Qxd8 59. Ke4 a3 60. Ke5 a2 61. d4 a1=Q 62. d5 Qf6+ 63. Ke4 Qe1# 0-1


[Site "https://www.chess.com"]

[Event "Titled Tuesday Blitz May 4 2021"]
[White "Kujawski, Adam"]
[Black "Sumaneev, Dmitry"]
[WhiteFideId "1100920"]
[BlackFideId "4125312"]
[WhiteElo "2053"]
[BlackElo "2464"]
[Result "1/2-1/2"]
[Round "11"]
[TimeControl "180+1"]
[Date "2021.05.04"]
[WhiteClock "0:00:09"]
[BlackClock "0:00:05"]

1. g3 Nf6 2. Bg2 d5 3. Nf3 g6 4. b3 Bg7 5. Bb2 O-O 6. O-O c6 7. c4 Nbd7 8. d4 Ne4 9. cxd5 cxd5 10. Ne5 Nxe5 11. dxe5 Be6 12. Nd2 Nxd2 13. Qxd2 Qd7 14. Rfd1 Rfd8 15. Rac1 Rac8 16. Rxc8 Qxc8 17. Rc1 Qd7 18. Bd4 b6 19. Rc3 Rc8 20. Qc1 Rxc3 21. Qxc3 h5 22. a4 Bf5 23. e6 Qxe6 24. Bxg7 Qxe2 25. Bh6 Qd1+ 26. Bf1 f6 27. Bd2 Bc2 28. Be1 Bxb3 29. a5 bxa5 30. Qxa5 Kf7 31. Qd2 Qxd2 32. Bxd2 e5 33. f4 Ke6 34. fxe5 fxe5 35. Kf2 d4 36. Bd3 Kf6 37. Be4 Bc4 38. h4 Bb3 39. Ke2 Bc4+ 40. Kf3 Bb3 41. Bd3 Bd5+ 42. Be4 Bb3 43. Bb7 Kf5 44. Be4+ Kf6 1/2-1/2


[Site "https://www.chess.com"]

[Event "Titled Tuesday Blitz May 4 2021"]
[White "Lazavik, Denis"]
[Black "Jobava, Baadur"]
[WhiteFideId "13515110"]
[BlackFideId "13601520"]
[WhiteElo "2436"]
[BlackElo "2748"]
[Result "1/2-1/2"]
[Round "11"]
[TimeControl "180+1"]
[Date "2021.05.04"]
[WhiteClock "0:00:14"]
[BlackClock "0:00:24"]

1. d4 d5 2. c4 c6 3. Nf3 Nf6 4. e3 Bf5 5. Nc3 e6 6. Nh4 g6 7. f3 h5 8. g3 Nbd7 9. Bg2 Nb6 10. O-O Nxc4 11. Qe2 Nb6 12. e4 dxe4 13. fxe4 Qxd4+ 14. Be3 Qc4 15. exf5 Qxe2 16. Nxe2 gxf5 17. Bd4 Nbd7 18. Rad1 Rg8 19. Nf3 Bc5 20. Bxc5 Nxc5 21. Nf4 Ke7 22. Ne5 a5 23. Nfd3 Nce4 24. Nf2 Nc5 25. Rc1 Ncd7 26. Nxd7 Nxd7 27. Nd3 h4 28. gxh4 Rh8 29. Rf4 Rh6 30. Re1 Kf6 31. Nf2 Kg7 32. Nh1 Rah8 33. Rd1 Ne5 34. Ng3 Rxh4 35. Rxh4 Rxh4 36. h3 Rb4 37. b3 a4 38. Rb1 f4 39. Nf1 a3 40. Kf2 Rd4 41. Ke2 f5 42. Nd2 Kf6 43. h4 Rd3 44. Rf1 Rg3 45. Bf3 Rh3 46. Rh1 Nxf3 47. Rxh3 Ng1+ 48. Kf2 Nxh3+ 49. Kg2 e5 50. Kxh3 e4 51. Nc4 b5 52. Nxa3 b4 53. Nc4 c5 54. Kg2 Kg6 55. Nd6 f3+ 56. Kf2 Kf6 57. Ke3 Ke5 58. Nc4+ Kf6 59. Kf4 Kg6 60. Ne3 Kh5 61. Nxf5 f2 62. Ne3 Kxh4 63. Kxe4 Kg3 64. Kd3 Kf3 65. Nf1 Kf4 66. Ke2 Ke4 67. Kxf2 Kd3 68. Ke1 Kc2 69. Ne3+ Kb2 70. Kd2 Kxa2 71. Kc2 Ka3 72. Nc4+ Ka2 73. Nb6 Ka3 74. Nd7 c4 75. bxc4 b3+ 76. Kb1 Kb4 77. Ne5 Kc5 78. Kb2 Kb4 79. Kb1 Kc5 80. Kc1 Kd4 81. Kb2 Kxe5 82. Kxb3 Kd6 83. Kb4 Kc6 84. c5 Kc7 85. Kc4 Kc6 86. Kd4 Kc7 87. Kd5 Kd7 88. c6+ Kc7 89. Kc5 Kc8 90. Kd6 Kd8 91. Kd5 Kc7 92. Kc5 Kc8 93. Kb6 Kb8 94. c7+ Kc8 95. Kc6 1/2-1/2


[Site "https://www.chess.com"]

[Event "Titled Tuesday Blitz May 4 2021"]
[White "Lehtosaari, Mauri"]
[Black "Radu, David Cr."]
[WhiteFideId "501999"]
[BlackFideId "1265717"]
[WhiteElo "2410"]
[BlackElo "1596"]
[Result "1-0"]
[Round "11"]
[TimeControl "180+1"]
[Date "2021.05.04"]
[WhiteClock "0:00:20"]
[BlackClock "0:00:10"]

1. d4 d5 2. Nf3 Nf6 3. Bg5 e6 4. Nbd2 Be7 5. e3 O-O 6. Bd3 b6 7. O-O Bb7 8. Ne5 Nbd7 9. f4 c5 10. c3 Ne4 11. Bxe7 Qxe7 12. Nxd7 Qxd7 13. dxc5 bxc5 14. Nf3 Qc7 15. Qc2 f5 16. Bxe4 fxe4 17. Ne5 Rad8 18. Rad1 Qb6 19. Qd2 Rd6 20. Nc4 dxc4 21. Qxd6 Qxd6 22. Rxd6 Bd5 23. f5 Re8 24. fxe6 Bxe6 25. Rf4 Bf7 26. Rd7 Bg6 27. Rxa7 Rd8 28. h4 h5 29. g4 Rd2 30. gxh5 Bxh5 31. Rxe4 Bf3 32. Re5 Rg2+ 33. Kf1 Rxb2 34. Rg5 Be2+ 35. Ke1 Bd3 36. Rgxg7+ Kf8 37. Rgb7 Re2+ 38. Kd1 Bg6 39. Kxe2 1-0


[Site "https://www.chess.com"]

[Event "Titled Tuesday Blitz May 4 2021"]
[White "Leitao, Rafael"]
[Black "Tomb, Maroun"]
[WhiteFideId "2101246"]
[BlackFideId "5300398"]
[WhiteElo "2609"]
[BlackElo "2564"]
[Result "1-0"]
[Round "11"]
[TimeControl "180+1"]
[Date "2021.05.04"]
[WhiteClock "0:00:25"]
[BlackClock "0:00:01"]

1. c4 d6 2. g3 Nf6 3. Bg2 Nbd7 4. d4 e5 5. Nf3 Be7 6. Nc3 O-O 7. O-O c6 8. e4 a6 9. h3 b5 10. a3 Bb7 11. Be3 Re8 12. Qc2 Qc7 13. Rac1 Rac8 14. Rfd1 Bf8 15. cxb5 cxb5 16. Qb1 Qb8 17. d5 Rc4 18. Nd2 Rc7 19. Nb3 Rec8 20. Na5 Nc5 21. Na2 Na4 22. Nb4 Nd7 23. Nbc6 Bxc6 24. Nxc6 Qb7 25. b3 Nac5 26. Rc2 Nb8 27. Na5 Qa8 28. Rdc1 Nb7 29. Rxc7 Rxc7 30. Rxc7 Nxa5 31. Qc2 h5 32. Rc8 Qb7 33. Bd2 Nxb3 34. Rxb8 Qxb8 35. Qxb3 Be7 36. Qc3 g6 37. Qc6 Qa7 38. Be3 Qb8 39. Bb6 Bf8 40. Qc7 Qa8 41. Qd8 Qb7 42. Bc7 1-0


[Site "https://www.chess.com"]

[Event "Titled Tuesday Blitz May 4 2021"]
[White "Lizlov, Alexey"]
[Black "Provotorov, Ivan"]
[WhiteFideId "4179803"]
[BlackFideId "4154657"]
[WhiteElo "2272"]
[BlackElo "2244"]
[Result "0-1"]
[Round "11"]
[TimeControl "180+1"]
[Date "2021.05.04"]
[WhiteClock "0:00:02"]
[BlackClock "0:00:20"]

1. e4 c6 2. Nf3 d5 3. Nc3 Bg4 4. Qe2 e6 5. exd5 Bxf3 6. Qxf3 cxd5 7. d4 Nc6 8. Ne2 Nf6 9. c3 Be7 10. Ng3 O-O 11. Be2 b5 12. O-O b4 13. Bd3 Qa5 14. Bd2 bxc3 15. bxc3 Nxd4 16. cxd4 Qxd2 17. Rfd1 Qg5 18. Rab1 Rab8 19. h3 Bd6 20. Nf1 Rfc8 21. Ne3 Qf4 22. Qxf4 Bxf4 23. Kf1 Kf8 24. Ke2 Ke7 25. g3 Bd6 26. Rdc1 Rxc1 27. Rxc1 Rb2+ 28. Rc2 Rxc2+ 29. Bxc2 h6 30. Bd3 Bc7 31. Kd1 Bb6 32. Nc2 Nd7 33. Kd2 Nb8 34. Kc3 Nc6 35. Bb5 Kd6 36. a3 f6 37. Kd3 e5 38. dxe5+ fxe5 39. f3 Ne7 40. g4 Ng6 41. Kd2 Nf4 42. h4 e4 43. fxe4 dxe4 44. Ne3 Bxe3+ 45. Kxe3 Ke5 46. h5 Nd5+ 47. Kf2 Kf4 48. Bc6 Nf6 49. Kg2 Nxg4 50. Kh3 Nf6 51. Kh4 e3 52. Bb5 Kf3 53. Bc6+ Kf2 54. Bb5 e2 0-1


[Site "https://www.chess.com"]

[Event "Titled Tuesday Blitz May 4 2021"]
[White "Lomaia, Diana"]
[Black "Spata, German"]
[WhiteFideId "13612476"]
[BlackFideId "113026"]
[WhiteElo "1742"]
[BlackElo "2238"]
[Result "1/2-1/2"]
[Round "11"]
[TimeControl "180+1"]
[Date "2021.05.04"]
[WhiteClock "0:00:15"]
[BlackClock "0:00:04"]

1. d4 d5 2. c4 e6 3. Nf3 Nf6 4. g3 Bb4+ 5. Bd2 Be7 6. Bg2 O-O 7. O-O c6 8. Qc2 Nbd7 9. Bf4 Nh5 10. Bc1 Nhf6 11. b3 b6 12. Ba3 Bb7 13. Bxe7 Qxe7 14. Nbd2 c5 15. Ne5 cxd4 16. Nxd7 Qxd7 17. Nf3 dxc4 18. Qxc4 Bxf3 19. Bxf3 Rac8 20. Qd3 Rc3 21. Qd2 e5 22. Rfd1 Rfc8 23. Bg2 h5 24. e3 Rc2 25. Qb4 Ng4 26. exd4 Nxf2 27. Rf1 Ng4 28. dxe5 a5 29. Qf4 Qe7 30. h3 Nxe5 31. Rae1 f6 32. Qf5 Qc5+ 33. Kh1 Rd8 34. Be4 Rcd2 35. Qh7+ Kf8 36. Qh8+ Kf7 37. Qxh5+ Kf8 38. Qh8+ Kf7 39. Qh5+ Kf8 40. Bg2 Qd4 41. Rxe5 Rxg2 42. Qh8+ Kf7 43. Qh5+ Kg8 44. Kxg2 fxe5 45. Qf7+ Kh7 46. Qh5+ Kg8 47. Qf7+ Kh7 48. Qh5+ Kg8 1/2-1/2


[Site "https://www.chess.com"]

[Event "Titled Tuesday Blitz May 4 2021"]
[White "Luberanski, Jakub"]
[Black "Ljukin, Sergei"]
[WhiteFideId "21830509"]
[BlackFideId "14102200"]
[WhiteElo "2078"]
[BlackElo "2287"]
[Result "1-0"]
[Round "11"]
[TimeControl "180+1"]
[Date "2021.05.04"]
[WhiteClock "0:00:59"]
[BlackClock "0:00:14"]

1. e4 e6 2. d4 d5 3. Nc3 Bb4 4. e5 Ne7 5. a3 Bxc3+ 6. bxc3 c5 7. Qg4 Qc7 8. Qxg7 Rg8 9. Qxh7 cxd4 10. Ne2 Nbc6 11. f4 Bd7 12. h4 dxc3 13. h5 O-O-O 14. Qd3 d4 15. h6 Rg6 16. h7 Rh8 17. Nxd4 Nxd4 18. Qxd4 Kb8 19. Be3 b6 20. Bd3 Rxg2 21. Qd6 Nf5 22. Bxf5 exf5 23. Qxc7+ Kxc7 24. e6 Rg7 25. exd7 Rhxh7 26. Rxh7 Rxh7 27. O-O-O 1-0


[Site "https://www.chess.com"]

[Event "Titled Tuesday Blitz May 4 2021"]
[White "Manolache, Marius"]
[Black "Sapunov, Evgeny"]
[WhiteFideId "1201530"]
[BlackFideId "4126661"]
[WhiteElo "2391"]
[BlackElo "2470"]
[Result "0-1"]
[Round "11"]
[TimeControl "180+1"]
[Date "2021.05.04"]
[WhiteClock "0:00:02"]
[BlackClock "0:00:29"]

1. d4 Nf6 2. c4 g6 3. Nc3 Bg7 4. e4 O-O 5. f4 c5 6. d5 d6 7. Nf3 e6 8. dxe6 Bxe6 9. Bd3 Nc6 10. O-O Bg4 11. h3 Bxf3 12. Qxf3 a6 13. Bd2 Rb8 14. f5 Ne5 15. Qe2 h6 16. a4 Kh7 17. a5 Re8 18. Bc2 Qe7 19. Ba4 Rf8 20. Bf4 Nh5 21. Nd5 Qh4 22. Bh2 Qd8 23. g4 Nf6 24. Rad1 Nxd5 25. Rxd5 Qe7 26. b3 Rbd8 27. Qf2 Bf6 28. Rfd1 Kg7 29. Bg3 Qc7 30. h4 Qe7 31. h5 gxh5 32. gxh5 Kh7 33. Kh1 Rg8 34. Rg1 Rg5 35. Qe2 Rdg8 36. Bh2 Rxg1+ 37. Bxg1 Ng4 38. b4 Be5 39. Bf2 Nxf2+ 40. Qxf2 Qg5 41. Bd1 Bd4 42. Rxd4 cxd4 43. f6 Qe3 44. Qxe3 dxe3 45. Kh2 Rg5 46. Bf3 Kg8 47. Kh3 Kf8 48. Kh2 Ke8 49. e5 Rxe5 50. Be2 Rf5 51. Kg3 Kd7 52. Bf3 Kc7 53. Bd5 Rxf6 54. Kg2 Rf2+ 55. Kg3 Rf5 56. Bf3 Re5 57. Be2 f5 58. Kf4 b6 59. axb6+ Kxb6 60. Kg3 a5 61. bxa5+ Kxa5 0-1


[Site "https://www.chess.com"]

[Event "Titled Tuesday Blitz May 4 2021"]
[White "Manukian, Artak"]
[Black "Alice, Mateus Felizardo Viageiro"]
[WhiteFideId "13301373"]
[BlackFideId "14800047"]
[WhiteElo "2445"]
[BlackElo "2189"]
[Result "0-1"]
[Round "11"]
[TimeControl "180+1"]
[Date "2021.05.04"]
[WhiteClock "0:02:19"]
[BlackClock "0:01:42"]

1. e4 c5 2. Nf3 d6 3. Bb5+ Bd7 4. Bxd7+ Qxd7 5. c4 Nc6 6. Nc3 g6 7. d4 cxd4 8. Nxd4 Bg7 9. Be3 Nf6 10. f3 O-O 11. O-O a6 12. a4 Rac8 13. b3 Rfe8 14. Qd2 h5 15. Rfd1 h4 16. Rac1 h3 17. g4 Nxg4 18. fxg4 Qxg4+ 19. Kf2 Qg2+ 20. Ke1 Qh1+ 21. Ke2 Qxh2+ 22. Kd3 Nb4# 0-1


[Site "https://www.chess.com"]